 Dungeon Crawl Stone Soup version 0.22-a0-377-g846bec1 (webtiles) character file.

667 Kairos the Covered (level 7, -11/36 HPs)
             Began as a Vine Stalker Fighter on Apr 27, 2018.
             Was an Initiate of Okawaru.
             Splashed by Ijyb's acid (13 damage)
             ... on level 4 of the Dungeon.
             The game lasted 00:07:18 (3527 turns).

Kairos the Covered (Vine Stalker Fighter)           Turns: 3527, Time: 00:07:20

Health: -11/36     AC:  7    Str: 20    XL:     7   Next: 57%
Magic:  0/8        EV:  8    Int:  8    God:    Okawaru [......]
Gold:   189        SH:  9    Dex: 14    Spells: 6/6 levels left

rFire    . . .     SeeInvis .   A - +2 spear of Traps {vamp, +Fly rN++}
rCold    . . .     Gourm    .   c - +0 shield
rNeg     + + .     Faith    .   b - +0 scale mail
rPois    .         Spirit   +   j - +2 helmet
rElec    .         Reflect  .   t - +0 cloak
rCorr    .         Harm     .   (no gloves)
MR       .....                  o - -1 pair of boots
Stlth    ++........             (no amulet)
HPRegen  0.52/turn              e - ring of stealth
MPRegen  0.11/turn              (no ring)

@: corroded
A: fangs 2, regeneration 1, magic shield, antimagic bite, no potion heal 3, rot
immunity
a: Renounce Religion, Evoke Flight


You were on level 4 of the Dungeon.
You worshipped Okawaru.
Okawaru was noncommittal.
You were not hungry.

You visited 1 branch of the dungeon, and saw 4 of its levels.

You collected 189 gold pieces.

Inventory:

Hand Weapons
 a - a +0 war axe
 g - a +2 whip of flaming
 h - a +2 trident of piercing
 x - a +2 whip of electrocution
 A - the +2 spear of Traps (weapon) {vamp, +Fly rN++}
   (You found it on level 4 of the Dungeon)

   It inflicts no extra harm, but heals its wielder when it wounds a living foe.
   It greatly protects you from negative energy.
   It lets you fly.
Missiles
 l - 45 poisoned needles
 m - 5 needles of sleeping
 n - a throwing net (quivered)
Armour
 b - a +0 scale mail (worn)
 c - a +0 shield (worn)
 j - a +2 helmet (worn)
 o - a -1 pair of boots (worn)
 t - a +0 cloak (worn)
Jewellery
 e - a ring of stealth (left hand)
Wands
 C - a wand of polymorph (15)
Scrolls
 p - a scroll of fear {unknown}
 u - 2 scrolls of random uselessness {unknown}
Potions
 d - 4 potions of might
 i - 3 potions of haste
 k - 2 potions of invisibility
 q - a potion of degeneration {unknown}
 r - a potion of flight {unknown}
 s - a potion of resistance {unknown}
 v - a potion of ambrosia {unknown}
 w - a potion of mutation {unknown}
 z - a potion of agility {unknown}
Comestibles
 f - 2 rations


   Skills:
 + Level 3.3 Fighting
 + Level 2.3(3.5) Axes
 + Level 3.9(4.2) Maces & Flails
 + Level 3.9 Armour
 + Level 2.2 Dodging
 + Level 1.8 Stealth
 + Level 3.8 Shields


You had 6 spell levels left.
You didn't know any spells.

Dungeon Overview and Level Annotations

Branches:
Dungeon (4/15)
 Temple: D:4-7

Altars:
Elyvilon
Gozag
Hepliaklqana
Okawaru
Ru
Xom

Annotations:
D:4 Ijyb


Innate Abilities, Weirdness & Mutations

You have extremely sharp teeth.
Your natural rate of healing is unusually fast.
When hurt, damage is shared between your health and your magic reserves.
Your bite disrupts and absorbs the magic of your enemies.
Potions cannot restore your health.
You are immune to rotting.


Message History

It is a wand of acid (10).
You are too injured to fight recklessly!
You are too injured to fight recklessly!
You are too injured to fight recklessly!
You are too injured to fight recklessly!
You are too injured to fight recklessly!
Your shield and scale mail prevent you from hitting Ijyb.
You bite Ijyb. You drain her power.
You feel invigorated.
Ijyb is almost dead.
You block Ijyb's attack.
You closely miss Ijyb. You bite Ijyb, but do no damage.
Ijyb is almost dead.
Ijyb zaps a wand.
The bolt of acid misses you.
You hit Ijyb but do no damage.
Ijyb is almost dead.
Ijyb zaps a wand.
The bolt of acid hits you!
Ouch! That really hurt!
* * * LOW HITPOINT WARNING * * *
You are splashed with acid!
The acid burns!
You die...

...........#
...........# #..
...........# ...
...........# ..
...........## ..
............## .#
.............# .#
.............####g#
...............#@.#
..................#
#................##
#.................##
...(...............#
....................#
....................#
.....................#
.....................#


You could see Ijyb.

Vanquished Creatures
  An ogre (D:4)
  4 scorpions (D:4)
  2 hounds (D:4)
  2 jellies (D:3)
  Crazy Yiuf (D:3)
  2 worker ants
  Robin (D:2)
  A gnoll (D:1)
  An adder (D:4)
  7 oozes
  3 worms
  4 dart slugs
  3 leopard geckos
  8 orcs
  A ball python (D:1)
  10 bats
  A giant cockroach (D:2)
  10 hobgoblins
  8 jackals
  18 kobolds
  A quokka (D:3)
  7 frilled lizards
  15 goblins
  A jackal skeleton (D:4)
  A leopard gecko skeleton (D:4)
  8 rats
121 creatures vanquished.

Vanquished Creatures (others)
  3 fungi (D:3)
  4 toadstools (D:3)
7 creatures vanquished.

Grand Total: 128 creatures vanquished

Notes
Turn   | Place    | Note
-------+----------+-------------------------------------------
     0 | D:1      | Kairos the Vine Stalker Fighter began the quest for the Orb.
     0 | D:1      | Reached XP level 1. HP: 11/11 MP: 2/2
   111 | D:1      | Reached XP level 2. HP: 15/16 MP: 3/3
   531 | D:1      | Reached XP level 3. HP: 10/20 MP: 4/4
  1112 | D:2      | Noticed Robin
  1149 | D:2      | Killed Robin
  1149 | D:2      | Gained mutation: Your natural rate of healing is unusually fast. [Vine Stalker growth]
  1149 | D:2      | Reached XP level 4. HP: 7/24 MP: 2/5
  1436 | D:2      | Reached skill level 1 in Maces & Flails
  1932 | D:3      | Reached XP level 5. HP: 28/28 MP: 4/6
  2212 | D:3      | Reached skill level 1 in Dodging
  2319 | D:3      | Found a runed door.
  2323 | D:3      | Noticed Crazy Yiuf
  2327 | D:3      | Killed Crazy Yiuf
  2607 | D:3      | Reached XP level 6. HP: 28/32 MP: 7/7
  2625 | D:3      | Reached skill level 1 in Stealth
  2759 | D:3      | Found a hazy altar of Hepliaklqana.
  2768 | D:3      | Found an opulent altar of Gozag.
  2782 | D:3      | Found a sacrificial altar of Ru.
  2785 | D:3      | Found a shimmering altar of Xom.
  2922 | D:4      | Reached XP level 7. HP: 36/36 MP: 6/8
  2942 | D:4      | Found an iron altar of Okawaru.
  2965 | D:4      | Became a worshipper of Warmaster Okawaru
  3176 | D:4      | Found a white marble altar of Elyvilon.
  3261 | D:4      | Got a translucent spear
  3271 | D:4      | Identified the cursed +2 spear of Traps {vamp, +Fly rN++} (You found it on level 4 of the Dungeon)
  3513 | D:4      | Noticed Ijyb
  3527 | D:4      | Splashed by Ijyb's acid

Vault maps used:
D:1:      mrwooster_arrival_statue, minmay_pentomino_u4
D:2:      uniq_robin
D:3:      cheibrodos_fertilizer, grunt_temple_overflow_cloverleaf, first_ration,
          uniq_crazy_yiuf_cottage
D:4:      overflow_temple_1_default, elyvilon_altar_4, uniq_ijyb

Skill      XL: |  1  2  3  4  5  6  7 |
---------------+----------------------+-----
Axes           | 2 |  2.3
Fighting       | 3 |  3.3
Shields        | 3 |  3.8
Armour         | 3 |  3.9
Maces & Flails | 1 2 3 |  3.9
Dodging        | 1 2 |  2.2
Stealth        | 1 |  1.8

Action                   |  1- 3 |  4- 6 |  7- 9 || total
-------------------------+-------+-------+-------++-------
Melee: War axe           |    26 |       |       ||    26
       Bite              |    19 |    45 |    19 ||    83
       Whip              |    81 |   178 |    25 ||   284
       Spear             |       |       |    31 ||    31
  Use: Scroll            |     3 |     1 |     1 ||     5
 Stab: Sleeping          |       |     1 |       ||     1
  Eat: Chunk             |       |     6 |     2 ||     8
       Ration            |       |       |     2 ||     2
Armor: Scale mail        |    51 |    49 |    18 ||   118
Dodge: Dodged            |    42 |    37 |    24 ||   103
Block: Shield            |    61 |    68 |    19 ||   148

Table legend:
 A = Spawn XP
 B = Non-spawn XP
 C = Spawn XP percentage of total XP
 D = Spawn monster count
 E = Non-spawn monster count
 F = Spawn count percentage of total count
 G = Total turns spent on level
                    A         B        C        D         E        F      G
               +---------+---------+-------+---------+---------+-------+---------
         Total |       0 |     954 |   0.0 |       0 |     121 |   0.0 |  3527
               +---------+---------+-------+---------+---------+-------+---------
           D:1 |       0 |      62 |   0.0 |       0 |      28 |   0.0 |   985
           D:2 |       0 |      83 |   0.0 |       0 |      34 |   0.0 |   735
           D:3 |       0 |     264 |   0.0 |       0 |      42 |   0.0 |  1090
           D:4 |       0 |     545 |   0.0 |       0 |      17 |   0.0 |   717
               +---------+---------+-------+---------+---------+-------+---------
